 Dungeon Crawl Stone Soup version 0.17-a0-1139-g49cbdf8 (webtiles) character file.

675 Jine the Slasher (level 7, 0/55 HPs)
             Began as a Demonspawn Abyssal Knight on May 26, 2015.
             Was an Elder of Lugonu.
             Succumbed to a worker ant's poison
             ... on level 4 of the Dungeon.
             The game lasted 00:09:06 (5725 turns).

Jine the Slasher (Demonspawn Abyssal Knight)        Turns: 5725, Time: 00:09:06

Health: 0/55       AC:  9    Str: 15    XL:     7   Next: 33%
Magic:  9/9        EV:  7    Int: 13    God:    Lugonu [****..]
Gold:   132        SH:  0    Dex: 12    Spells: 0 memorised, 6 levels left

rFire  . . .     SeeInvis .     b - +0 long sword
rCold  . . .     Clarity  .     d - +0 chain mail
rNeg   . . .     SustAt   .     (no shield)
rPois  +         Gourm    .     (no helmet)
rElec  .         Spirit   .     (no cloak)
rCorr  .         Warding  .     (no gloves)
rMut   .         Stasis   .     (no boots)
MR     .....                    (no amulet)
Stlth  ..........               p - -3 ring of slaying (curse)
                                n - ring of poison resistance

@: lethally poisoned (0 -> -2), not resistant to hostile enchantments, extremely
unstealthy
A: claws 1, hooves 2, nightstalker 1
a: Depart the Abyss, Bend Space, Banish, Corrupt, Renounce Religion


You were on level 4 of the Dungeon.
You worshipped Lugonu.
Lugonu was greatly pleased with you.
You were not hungry.

You visited 1 branch of the dungeon, and saw 4 of its levels.
You visited the Abyss 1 time.

You collected 132 gold pieces.

Inventory:

Hand weapons
 a - a +1 falchion
 b - a +0 long sword (weapon)
Armour
 d - a +0 chain mail (worn)
Jewellery
 n - a ring of poison resistance (left claw)
 p - a cursed -3 ring of slaying (right claw)
Scrolls
 e - a scroll of amnesia
 h - 2 scrolls of immolation
Potions
 g - 2 potions of curing
 j - 2 potions of lignification {unknown}
 k - 2 potions of degeneration {unknown}
 m - a potion of agility {unknown}
Comestibles
 c - 2 bread rations
 f - a meat ration


   Skills:
 + Level 4.4 Fighting
 * Level 4.9 Long Blades
 + Level 4.2 Armour
 + Level 2.5 Dodging
 + Level 2.8 Invocations


You had 6 spell levels left.
You didn't know any spells.

Dungeon Overview and Level Annotations

Branches:
Dungeon (4/15)             Temple (0/1) D:4

Altars:
Nemelex Xobeh


Innate Abilities, Weirdness & Mutations

You have sharp fingernails.
You have hoof-like feet.
You are slightly more attuned to the shadows.


Message History

The kobold shouts!
A scorpion comes into view.
Use which ability? (? or * to list) Space bends around you!
You blink.
* * * LOW HITPOINT WARNING * * *
You feel slightly more hungry.
A worker ant comes into view.
The worker ant twitches its antennae in your direction.
The worker ant bites you.
* * * LOW HITPOINT WARNING * * *
The worker ant bites you.
* * * LOW HITPOINT WARNING * * *
You are lethally poisoned!
The worker ant poisons you!
* * * LOW HITPOINT WARNING * * *
You feel sick.
* * * LOW HITPOINT WARNING * * *
You feel sick.
Unknown command.
You die...

≈≈≈≈≈≈≈≈≈.# . ≈...≈≈≈≈≈≈.# #
. ≈≈≈≈≈.>.≈≈≈≈≈≈.# ##.
≈≈≈≈≈...≈≈≈≈≈≈.# ..
≈≈≈≈≈≈≈≈≈≈≈≈≈..# #
....≈≈≈≈≈≈≈≈≈....# ##
.......≈≈≈≈≈......# .#
#..................# .##
##....# ##@#.!.##### g.#
#.....# #....## ..####.....#
###a.# #..........# #s.##
##.........# ##...##
##........# ##.....####
###......#####.........##
##......##............###
##......g.......####...#####


You could see a scorpion and a worker ant.

Vanquished Creatures
  A sky beast (D:3)
  A centaur (D:4)
  A scorpion (D:4)
  An orc priest (D:3)
  A giant frog skeleton (D:4)
  A jelly (D:4)
  A hound (D:4)
  3 orc wizards (D:3)
  A worker ant (D:4)
  6 adders
  4 gnolls
  5 oozes
  8 worms
  14 orcs
  2 ball pythons
  10 bats
  A giant cockroach (D:3)
  7 goblins
  10 hobgoblins
  5 kobolds
  2 quokkas
  5 giant geckos
  A giant gecko skeleton (D:4)
  4 giant newts
  A quokka skeleton (D:4)
  8 rats
104 creatures vanquished.

Notes
Turn   | Place    | Note
--------------------------------------------------------------
     0 | Abyss:1  | Jine the Demonspawn Abyssal Knight began the quest for the Orb.
     0 | Abyss:1  | Reached XP level 1. HP: 18/18 MP: 2/2
     3 | Abyss:1  | Found a corrupted altar of Lugonu.
    11 | D:1      | Escaped the Abyss
   278 | D:1      | Gained mutation: You have large cloven feet. [demonic ancestry]
   278 | D:1      | Reached XP level 2. HP: 16/24 MP: 3/3
   720 | D:1      | Reached skill level 1 in Dodging
   817 | D:1      | Gained mutation: You have sharp fingernails. [demonic ancestry]
   817 | D:1      | Reached XP level 3. HP: 20/29 MP: 5/5
   822 | D:1      | Acquired Lugonu's second power
  1901 | D:2      | Reached XP level 4. HP: 28/37 MP: 6/6
  2853 | D:2      | Reached skill level 4 in Fighting
  2914 | D:2      | Acquired Lugonu's third power
  3049 | D:3      | Gained mutation: You are slightly more attuned to the shadows. [demonic ancestry]
  3049 | D:3      | Reached XP level 5. HP: 27/42 MP: 7/7
  3333 | D:3      | Noticed a sky beast
  3351 | D:3      | Killed a sky beast
  3351 | D:3      | Gained mutation: You have hoof-like feet. [demonic ancestry]
  3351 | D:3      | Reached XP level 6. HP: 27/48 MP: 8/8
  3409 | D:3      | HP: 2/48 [gnoll/halberd (13)]
  4411 | D:3      | Found a sparkling altar of Nemelex Xobeh.
  5115 | D:4      | Reached XP level 7. HP: 52/54 MP: 9/9
  5131 | D:4      | Acquired Lugonu's fourth power
  5230 | D:4      | Found a staircase to the Ecumenical Temple.
  5683 | D:4      | HP: 1/55 [spatial distortion (2)]
  5703 | D:4      | HP: 1/55 [spatial distortion (4)]
  5715 | D:4      | HP: 2/55 [worker ant (1)]
  5720 | D:4      | HP: 2/55 [worker ant (1)]
  5725 | D:4      | Succumbed to a worker ant's poison

Vault maps used:
D:1:      erik_arrival_gehennom
D:2:      first_bread
D:3:      nemelex_spade_bored_becter
D:4:      temple_pool_b

Action                   |  1- 3 |  4- 6 |  7- 9 || total
-------------------------+-------+-------+-------++-------
Melee: Falchion          |   130 |   319 |    33 ||   482
       Long sword        |       |       |    29 ||    29
Invok: Bend Space        |       |       |     2 ||     2
  Use: Scroll            |       |       |     6 ||     6
  Eat: Bread ration      |     1 |     2 |     1 ||     4
       Beef jerky        |       |     1 |       ||     1
